 Dungeon Crawl Stone Soup version 0.30.0-15-g856e2d3f33 (webtiles) character file.

Game seed: 12244710857778281564

43598 juan097 the Severer (level 13, 0/177 HPs)
             Began as a Minotaur Berserker on May 18, 2023.
             Was the Champion of Trog.
             Succumbed to Rupert's poison
             ... on level 2 of the Orcish Mines.
             The game lasted 00:35:03 (20566 turns).

juan097 the Severer (Minotaur Berserker)           Turns: 20566, Time: 00:35:04

Health: 0/177      AC: 12    Str: 30    XL:     13   Next: 91%
Magic:  12/12      EV: 14    Int:  4    God:    Trog [******]
Gold:   1577       SH:  0    Dex: 11    Spells: 12/12 levels left

rFire   + . .        a - +9 battleaxe of Uxzok {holy, *Slow rC+++ Str-3 Stlth+}
rCold   + + +        (shield currently unavailable)
rNeg    . . .        y - +0 ring mail of Intense Miracles {Str+3}
rPois   .            m - +2 hat
rElec   .            P - +0 cloak
rCorr   .            F - +0 pair of gloves
SInv    .            (no boots)
Will    ++...        s - amulet of the acrobat Stlth
                     k - ring of protection from cold
HPRegen 1.49/turn    S - ring "Plog" {rF+ Str+4}
MPRegen 0.13/turn

%: slow self (1%), acrobat
@: berserking (expiring), lethally poisoned (0 -> -3), strong-willed (expiring),
regenerating (expiring), studying Ranged Weapons, very quick
A: horns 2, retaliatory headbutt
a: Renounce Religion, Berserk, Trog's Hand, Brothers in Arms


You were on level 2 of the Orcish Mines.
You worshipped Trog.
Trog was exalted by your worship.
You visited 3 branches of the dungeon, and saw 17 of its levels.

You collected 1577 gold pieces.

Inventory:

Hand Weapons
 a - the +9 battleaxe of Uxzok (weapon) {holy, *Slow rC+++ Str-3 Stlth+}
   (You found it on level 4 of the Lair of Beasts)

   Str:       It affects your strength (-3).
   rC:        It renders you almost immune to cold.
   *Slow:     It may slow you when you take damage.
   Stlth:     It makes you more stealthy.
 b - the +6 sling "Tejukus" {speed, rPois}
   (You took it off an orc on level 11 of the Dungeon)

   rPois:     It protects you from poison.
 z - a +1 shortbow of draining
 D - a +4 heavy executioner's axe
Missiles
 o - 13 boomerangs (quivered)
 p - 9 javelins
 K - 22 poisoned darts
 X - a curare-tipped dart
Armour
 m - a +2 hat (worn)
 y - the +0 ring mail of Intense Miracles (worn) {Str+3}
   (You found it on level 6 of the Dungeon)

   Str:       It affects your strength (+3).
 F - a +0 pair of gloves (worn)
 P - a +0 cloak (worn)
Jewellery
 k - a ring of protection from cold (left hand)
 s - an amulet of the acrobat (around neck)
 S - the ring "Plog" (right hand) {rF+ Str+4}
   (You found it on level 7 of the Dungeon)

   [ring of protection from fire]

   Str:       It affects your strength (+4).
   rF:        It protects you from fire.
Wands
 f - a wand of charming (8)
 L - a wand of roots (16)
 R - a wand of flame (19)
 T - a wand of mindburst (20)
 Y - a wand of light (4)
Scrolls
 g - 2 scrolls of immolation
 h - 2 scrolls of identify
 i - 8 scrolls of teleportation
 j - 2 scrolls of silence
 q - 5 scrolls of blinking
 r - 3 scrolls of poison
 A - 2 scrolls of enchant weapon
 B - 3 scrolls of magic mapping {unknown}
 H - 4 scrolls of vulnerability
 J - a scroll of brand weapon
 N - 3 scrolls of fog {unknown}
 O - 3 scrolls of fear {unknown}
 U - 3 scrolls of summoning {unknown}
Potions
 c - 6 potions of heal wounds {unknown}
 d - 7 potions of curing
 e - a potion of experience {unknown}
 l - 4 potions of haste
 n - a potion of berserk rage
 t - 4 potions of might
 u - 2 potions of brilliance {unknown}
 v - 2 potions of attraction {unknown}
 w - 4 potions of lignification {unknown}
 x - 2 potions of magic {unknown}
 C - 2 potions of flight {unknown}
 E - 2 potions of degeneration {unknown}
 I - 2 potions of ambrosia {unknown}
 M - a potion of invisibility {unknown}
 Z - 2 potions of mutation {unknown}
Miscellaneous
 V - a phial of floods (inert)
 W - a lightning rod (4/4)


   Skills:
 + Level 12.2 Fighting
 - Level 20.0 Axes
 - Level 10.0 Ranged Weapons
 - Level 4.0 Throwing
 - Level 12.0 Armour
 - Level 8.0 Dodging
 - Level 4.0 Stealth
 - Level 8.0 Evocations


You had 12 spell levels left.
You didn't know any spells.
Your spell library was empty.

Dungeon Overview and Level Annotations

Branches:
Dungeon (11/15)            Temple (0/1) D:5            Lair (4/5) D:8
  Swamp (0/4) Lair:3        Snake (0/4) Lair:2        Slime (0/5) Lair:4
    Orc (2/2) D:11            Elf (0/3) Orc:2

Altars:
Cheibriados
Makhleb
Ru
Xom
The Shining One
Jiyva

Shops:
Orc:2 *

Annotations:
D:4 3 runed translucent doors, MysteronAgent's ghost, weakling DrBr
D:7 4 runed translucent doors
Lair:1 3 runed translucent doors, Urug; howech's ghost, novice MiGl
Lair:4 1 runed translucent door, Ceyroiss's ghost, journeyman HuWn


Innate Abilities, Weirdness & Mutations

You have a pair of horns on your head.
You reflexively headbutt those who attack you in melee.


Message History

Rupert is almost dead.
You feel extremely sick.
Rupert hits you with a +1 battleaxe of venom.
* * * LOW HITPOINT WARNING * * *
You are lethally poisoned!
You feel better. Rupert misses you. Rupert completely misses you.
You hit Rupert. You headbutt Rupert, but do no damage.
Rupert is almost dead.
Rupert is no longer blind.
Rupert hits you with a +1 battleaxe of venom!!
* * * LOW HITPOINT WARNING * * *
You are poisoned.
A red film seems to cover your vision as you go berserk!
You feel yourself moving faster!
You feel mighty!
You feel sick.
Rupert hits you with a +1 battleaxe of venom!!
* * * LOW HITPOINT WARNING * * *
You are lethally poisoned!
The warg barely misses you. You furiously retaliate!
You headbutt the warg! You slice Rupert!!
You kill Rupert!
Trog accepts your kill.
You slash the warg!
* * * LOW HITPOINT WARNING * * *
You feel sick. The warg closely misses you. You furiously retaliate!
You headbutt the warg!!
You kill the warg!
Trog accepts your kill.
Training target 20.0 for Axes reached!
Your Axes skill increases to level 20!
You need to enable at least one skill for training.
Unknown command.
You are too berserk!
* * * LOW HITPOINT WARNING * * *
You feel very sick.
You feel a strong urge to attack something.
* * * LOW HITPOINT WARNING * * *
You feel sick.
There is a stone staircase leading up, spattered with blood here.
You feel the effects of Trog's Hand fading.
You die...

#### ##..## ....# #....
###.... #..# #.#....
##.##....... ## #
#.@[#.......#.##
##.#.[[(...#......#
#.$.[))#..#)......#.#.
#.#...[)$......o<......
#......$..(......∩......
>#......[.....#.#.......
..............###.......
..........P.....#......##
.....................###


There were no monsters in sight!

Vanquished Creatures
  Rupert (Orc:2)
  An orc warlord (Orc:2)
  A catoblepas (Lair:4)
  4 two-headed ogres
  A boulder beetle (D:11)
  6 death yaks
  Sonja (Lair:1)
  A skyshark (Lair:3)
  6 orc knights
  3 cyclopes
  4 orc sorcerers
  2 manticores
  2 elephants (Lair:1)
  4 centaur zombies (D:11)
  4 cane toads
  A kobold demonologist (D:11)
  2 rime drakes
  2 komodo dragons (Lair:1)
  5 trolls
  2 polar bears
  4 blink frogs (Lair:2)
  11 dream sheep
  A meliai zombie (D:11)
  3 vampires (D:11)
  4 shadows
  A wraith (D:11)
  4 wyverns
  2 basilisks
  38 yaks
  Grum (D:10)
  A steam dragon (D:10)
  A warg (Orc:2)
  An acid dragon (D:9)
  11 water moccasins
  5 ice beasts
  4 black bears
  18 orc warriors
  3 sky beasts
  5 ogres
  10 wolves
  3 centaurs
  A phantom (D:5)
  3 kobold brigands
  6 scorpions
  10 bullfrogs
  A gnoll sergeant (D:8)
  9 wights
  15 killer bees
  A howler monkey (D:5)
  5 hounds
  2 jellies
  13 orc priests
  8 iguanas
  19 orc wizards
  2 sleepcaps
  A boggart zombie (D:11)
  5 polar bear simulacra (Lair:3)
  A yak simulacrum (Lair:3)
  3 wolf simulacra (Lair:3)
  Robin (D:4)
  3 gnolls (D:8)
  A river rat (D:6)
  9 adders
  2 shadow imps
  A white imp (D:5)
  An ufetubus (D:5)
  A dart slug (D:3)
  2 worms (D:6)
  72 orcs
  8 bats
  8 endoplasms
  8 giant cockroaches
  14 goblins
  9 hobgoblins
  5 jackals
  15 kobolds
  3 quokkas
  8 ball pythons
  4 frilled lizards
  7 rats
  2 river rat simulacra (Lair:3)
473 creatures vanquished.

Vanquished Creatures (collateral kills)
  2 elephants (Lair:1)
  A yak (Lair:1)
3 creatures vanquished.

Vanquished Creatures (others)
  A necromancer (Lair:3)
1 creature vanquished.

Grand Total: 477 creatures vanquished

Notes
Turn   | Place    | Note
-------+----------+-------------------------------------------
     0 | D:1      | juan097 the Minotaur Berserker began the quest for the Orb.
     0 | D:1      | Reached XP level 1. HP: 19/19 MP: 0/0
   166 | D:1      | Reached XP level 2. HP: 23/27 MP: 1/1
   569 | D:1      | Found a faded altar of an unknown god.
   659 | D:1      | Reached skill level 4 in Axes
  1114 | D:2      | Reached XP level 3. HP: 30/33 MP: 2/2
  1276 | D:2      | Reached ** piety under Trog
  1277 | D:2      | Reached skill level 1 in Stealth
  2017 | D:3      | Reached XP level 4. HP: 36/40 MP: 3/3
  2466 | D:3      | Reached XP level 5. HP: 38/47 MP: 4/4
  2972 | D:4      | Reached skill level 5 in Axes
  3038 | D:4      | Noticed an ice beast
  3051 | D:4      | Killed an ice beast
  3052 | D:4      | Reached skill level 5 in Fighting
  3052 | D:4      | Reached XP level 6. HP: 31/56 MP: 5/5
  3191 | D:4      | Noticed MysteronAgent's ghost (weakling DrBr)
  3200 | D:4      | Found a runed translucent gate.
  3200 | D:4      | Found a runed translucent gate.
  3200 | D:4      | Found a runed translucent gate.
  3361 | D:4      | Noticed an ice beast
  3371 | D:4      | Killed an ice beast
  3372 | D:4      | Reached skill level 6 in Axes
  3462 | D:4      | Reached *** piety under Trog
  3543 | D:4      | Noticed Robin
  3551 | D:4      | Killed Robin
  3552 | D:4      | Reached XP level 7. HP: 61/61 MP: 6/6
  3956 | D:5      | Entered Level 5 of the Dungeon
  4047 | D:5      | Found a staircase to the Ecumenical Temple.
  4063 | D:5      | Reached skill level 5 in Armour
  4131 | D:5      | Reached skill level 7 in Axes
  4327 | D:5      | Reached skill level 8 in Axes
  4682 | D:5      | Reached XP level 8. HP: 70/70 MP: 7/7
  4731 | D:5      | Reached skill level 9 in Axes
  4881 | D:6      | Identified the +0 ring mail of Intense Miracles {Str+3}
  4899 | D:6      | Reached skill level 10 in Axes
  5109 | D:6      | Reached **** piety under Trog
  5118 | D:6      | Reached skill level 11 in Axes
  5185 | D:5      | Reached skill level 12 in Axes
  5319 | D:6      | Found a snail-covered altar of Cheibriados.
  5517 | D:6      | Reached skill level 1 in Ranged Weapons
  5517 | D:6      | Reached skill level 1 in Throwing
  5916 | D:6      | Reached skill level 1 in Evocations
  6361 | D:7      | Reached XP level 9. HP: 70/78 MP: 8/8
  6825 | D:7      | Found a large runed translucent door.
  6827 | D:7      | Found a large runed translucent door.
  6839 | D:7      | Found a large runed translucent door.
  6839 | D:7      | Found a large runed translucent door.
  7237 | D:7      | Reached skill level 13 in Axes
  7268 | D:7      | Noticed a cyclops
  7276 | D:7      | Killed a cyclops
  7526 | D:7      | Found a sacrificial altar of Ru.
  7678 | D:7      | Noticed a two-headed ogre
  7692 | D:7      | Killed a two-headed ogre
  7693 | D:7      | Reached skill level 5 in Dodging
  7693 | D:7      | Reached XP level 10. HP: 86/86 MP: 9/9
  7732 | D:7      | Identified the ring "Plog" {rF+ Str+4}
  8774 | D:8      | Reached skill level 14 in Axes
  8887 | D:8      | Found a staircase to the Lair.
  9371 | Lair:1   | Entered Level 1 of the Lair of Beasts
  9599 | Lair:1   | Noticed an elephant
  9602 | Lair:1   | Noticed an elephant
  9604 | Lair:1   | Noticed an elephant
  9607 | Lair:1   | Noticed an elephant
  9658 | Lair:1   | Killed an elephant
  9663 | Lair:1   | Killed an elephant
  9666 | Lair:1   | Noticed a cane toad
  9672 | Lair:1   | Killed an elephant
  9673 | Lair:1   | Reached XP level 11. HP: 67/97 MP: 10/10
  9680 | Lair:1   | Reached skill level 15 in Axes
 10262 | Lair:1   | Found a runed translucent gate.
 10262 | Lair:1   | Found a runed translucent gate.
 10263 | Lair:1   | Found a runed translucent gate.
 10264 | Lair:1   | Noticed a minotaur
 10276 | Lair:1   | Noticed howech's ghost (novice MiGl)
 10435 | Lair:1   | Noticed Sonja
 10486 | Lair:1   | Killed Sonja
 10696 | Lair:1   | Noticed Urug
 10936 | Lair:2   | Reached skill level 10 in Armour
 10942 | Lair:2   | Reached skill level 10 in Fighting
 10963 | Lair:2   | Reached skill level 16 in Axes
 11756 | Lair:2   | Found a staircase to the Snake Pit.
 11833 | Lair:2   | Reached skill level 5 in Evocations
 12556 | Lair:3   | Reached ***** piety under Trog
 12686 | Lair:3   | Noticed a death yak
 12688 | Lair:3   | Noticed a death yak
 12688 | Lair:3   | Noticed a death yak
 12706 | Lair:2   | Killed a death yak
 12932 | Lair:3   | Reached XP level 12. HP: 81/108 MP: 11/11
 13162 | Lair:2   | Killed a death yak
 13340 | Lair:3   | Killed a death yak
 13459 | Lair:3   | Found a staircase to the Swamp.
 14598 | Lair:4   | Found a runed translucent door.
 14604 | Lair:4   | Noticed Ceyroiss's ghost (journeyman HuWn)
 14731 | Lair:4   | Found a viscous altar of Jiyva.
 14779 | Lair:4   | Found a staircase to the Slime Pits.
 14947 | Lair:4   | Noticed a death yak
 14956 | Lair:4   | Noticed a catoblepas
 14957 | Lair:4   | Killed a death yak
 14957 | Lair:4   | Noticed a death yak
 15192 | Lair:4   | Identified the +9 battleaxe of Uxzok {holy, *Slow rC+++
                  | Str-3 Stlth+}
 15584 | Lair:4   | Noticed a death yak
 15588 | Lair:4   | Killed a death yak
 15589 | Lair:4   | Reached skill level 5 in Ranged Weapons
 15592 | Lair:4   | Killed a death yak
 15801 | Lair:4   | Killed a catoblepas
 16148 | D:9      | Noticed a two-headed ogre
 16158 | D:9      | Killed a two-headed ogre
 16560 | D:9      | Reached XP level 13. HP: 118/118 MP: 12/12
 16801 | D:9      | Found a glowing golden altar of the Shining One.
 17122 | D:10     | Entered Level 10 of the Dungeon
 17183 | D:10     | Found a shimmering altar of Xom.
 17277 | D:10     | Noticed Grum
 17293 | D:10     | Killed Grum
 17629 | D:10     | Reached skill level 17 in Axes
 17913 | D:10     | Received a gift from Trog
 18467 | D:11     | Reached skill level 10 in Ranged Weapons
 18621 | D:11     | Identified the +6 sling "Tejukus" {speed, rPois}
 18711 | D:11     | Found a gate leading to a gauntlet.
 18713 | D:11     | Identified the +1 short sword "Tauziff" {flame, rElec rPois
                  | rCorr MP-9}
 18868 | D:11     | Found a staircase to the Orcish Mines.
 19144 | D:11     | Reached skill level 18 in Axes
 19275 | Orc:1    | Entered Level 1 of the Orcish Mines
 19460 | Orc:1    | Reached ****** piety under Trog
 19480 | Orc:1    | Found a burning altar of Makhleb.
 19695 | Orc:1    | Received a gift from Trog
 19927 | Orc:2    | Entered Level 2 of the Orcish Mines
 19930 | Orc:2    | Found a staircase to the Elven Halls.
 19957 | Orc:2    | Noticed an orc warlord
 19958 | Orc:2    | Reached skill level 19 in Axes
 20199 | Orc:2    | Found Dut Xuzod's Assorted Antiques.
 20311 | Orc:2    | Killed an orc warlord
 20430 | Orc:2    | Noticed Rupert
 20562 | Orc:2    | HP: 7/177 [Rupert/+1 battleaxe of venom (18)]
 20563 | Orc:2    | Killed Rupert
 20564 | Orc:2    | Reached skill level 20 in Axes
 20564 | Orc:2    | HP: 3/177 [poisoned by Rupert]
 20566 | Orc:2    | Succumbed to Rupert's poison

Illustrated notes

Levels and vault maps discovered:
D:1:      dpeg_arrival_another_circle, layout_basic,
          shapermc_ecumenical_altar_rom_forum, minmay_misc_feat_plants,
          minmay_surrounded
D:2:      layout_loops_corners, kennysheep_generic_room_16
D:3:      layout_loops_corners
D:4:      layout_basic, gammafunk_ghost_split, hex_large,
          chequers_decorated_corner, uniq_robin
D:5:      layout_basic, nicolae_overflow_hidden_temple,
          minmay_temple_entry_wispy, kennysheep_boxes
D:6:      layout_cave_pods, kennysheep_mini_moat, gup_sewer_entry_bubbles
D:7:      layout_layer_cave, nicolae_ru_awakened_eye,
          amcnicky_mini_rare_corridor_liquid, minmay_hollow_rounded_squares
D:8:      layout_basic, minmay_lair_entry_grove, kennysheep_flooded_box,
          nicolae_underground_beach
D:9:      layout_stronghold, nicolae_tso_carved_into_rock
D:10:     layout_loops_corners, mainiacjoe_overflow_paths, uniq_grum
D:11:     layout_long_grid, hiddenorc2_lemuel, serial_undead, serial_undead_e,
          serial_undead_b, serial_undead_f, serial_undead_f,
          gauntlet_entry_generic
Lair:1:   layout_cave_shapes, maelrawn_ghost_gauntlet_escape,
          grunt_forest_small_clearings, grunt_megastairs_5, lemuel_fruit_fields,
          uniq_urug, uniq_sonja
Lair:2:   layout_chaotic_city, dummy_snake_entry, wad_woods_road_02
Lair:3:   statuecave_lemuel, layout_concentric_octagons, swamp_mist,
          eino_house_with_fridge
Lair:4:   beast_lair_carwin_large_3, layout_hall_layers,
          nicolae_slime_entry_field_trip, serial_rivers,
          chequers_serial_rivers_micro_e, chequers_serial_rivers_micro_e,
          chequers_serial_rivers_micro_c, chequers_serial_rivers_large_b,
          chequers_serial_rivers_small_a, ebering_ghost_reflecting_pool,
          chequers_serial_rivers_micro_b
Orc:1:    layout_diamond_mine, basic_altar
Orc:2:    grunt_orc_gardens, layout_caves, grunt_orc_garden, grunt_orc_garden,
          grunt_orc_garden, grunt_orc_garden, serial_shops, shop,
          lemuel_statue_altar, uniq_rupert

Skill      XL: |  1  2  3  4  5  6  7  8  9 10 11 12 13 |
---------------+----------------------------------------+-----
Fighting       | 4 5 6 7 9 10 12 | 12.2
Axes           | 4 5 6 8 12 13 14 16 20 | 20.0
Armour         | 3 4 6 7 9 11 12 | 12.0
Stealth        | 1 2 3 4 |  4.0
Dodging        | 3 5 6 8 |  8.0
Ranged Weapons | 1 4 8 10 | 10.0
Throwing       | 1 3 4 |  4.0
Evocations     | 1 3 4 5 8 |  8.0

Action                     |  1- 3 |  4- 6 |  7- 9 | 10-12 | 13-15 || total
---------------------------+-------+-------+-------+-------+-------++-------
  Melee: Hand axe          |    85 |   115 |   300 |   314 |       ||   814
         Headbutt          |     8 |    18 |    64 |   133 |    46 ||   269
         Punch             |     2 |       |     1 |    16 |       ||    19
         Unarmed           |       |     2 |     2 |       |       ||     4
         War axe           |       |       |       |   211 |       ||   211
         Battleaxe         |       |       |       |    65 |   224 ||   289
   Fire: Sling             |    17 |    11 |    32 |       |    67 ||   127
         Shortbow          |       |       |    20 |   139 |    78 ||   237
  Throw: Boomerang         |       |     5 |     5 |     1 |     1 ||    12
         Dart              |       |       |     3 |       |     4 ||     7
 Invoke: Berserk           |       |     2 |     2 |     3 |     2 ||     9
         Trog's Hand       |       |       |       |     2 |     2 ||     4
         Brothers in Arms  |       |       |       |     1 |       ||     1
  Evoke: Wand              |       |       |       |     2 |     6 ||     8
         Phial of floods   |       |       |       |       |     1 ||     1
    Use: Scroll            |       |       |       |    13 |     5 ||    18
         Potion            |       |       |       |       |     2 ||     2
   Stab: Sleeping          |       |       |       |     1 |     1 ||     2
         Invisible         |       |       |       |       |     2 ||     2
 Armour: Animal skin       |     6 |       |       |       |       ||     6
         Ring mail         |    24 |    40 |    70 |   136 |    45 ||   315
         Scale mail        |     3 |       |       |       |       ||     3
         Skin              |       |     1 |       |       |       ||     1
  Dodge: Dodged            |    48 |    65 |   115 |   292 |   159 ||   679
